| TOP OF THE 1ST |
|
West Michigan Whitecaps batting - Pitching for Greenville Drive : RHP Dan Jenkins
|
|
Pitching: RHP Dan Jenkins
|
|
|
Batting: SHB Willie Medina
|
0-0: Called Strike 0-1: Ball 1-1: Foul Ball, location: 2F 1-2: Foul Ball, location: 2F 1-2: Strikes out looking
|
|
Batting: RHB Scott Carr
|
0-0: Ball 1-0: Called Strike 1-1: Called Strike 1-2: Foul Ball, location: 2F 1-2: Strikes out swinging
|
|
Batting: LHB Jamie Christian
|
0-0: Called Strike 0-1: SINGLE (Line Drive, 9S, EV 93.8 MPH)
|
|
Batting: LHB Nick Swank
|
0-0: Foul Ball, location: 2F 0-1: SINGLE (Flyball, 9S, EV 90.6 MPH) Jamie Christian to second Runner from 2nd tries for 3rd, SAFE, throw by RF made to third
|
|
Batting: RHB Jon Goldstein
|
0-0: Ball 1-0: Foul Ball, location: 2F 1-1: SINGLE (Groundball, 6S, EV 67.5 MPH) (infield hit) Jamie Christian scores Nick Swank to second
|
|
Batting: RHB German Quiroga
|
0-0: Ball 1-0: Ball 2-0: Called Strike 2-1: Ground out 4-3 (Groundball, 4, EV 83.1 MPH)
|
| Top of the 1st over - 1 run, 3 hits, 0 errors, 2 left on base; West Michigan 1 - Greenville 0 |
| BOTTOM OF THE 1ST |
|
Greenville Drive batting - Pitching for West Michigan Whitecaps : RHP Jared Barger
|
|
Pitching: RHP Jared Barger
|
|
|
Batting: RHB Jim Hubbard
|
0-0: Called Strike 0-1: Fly out, F9 (Flyball, 9, EV 90.6 MPH)
|
|
Batting: RHB Tony Nunez
|
0-0: Called Strike 0-1: Foul Ball, location: 2F 0-2: Foul Ball, location: 2F 0-2: Strikes out swinging
|
|
Batting: RHB Alex Cardenas
|
0-0: Called Strike 0-1: Ball 1-1: Ground out 6-3 (Groundball, 6, EV 85.6 MPH)
|
| Bottom of the 1st over - 0 runs, 0 hits, 0 errors, 0 left on base; West Michigan 1 - Greenville 0 |
| TOP OF THE 2ND |
|
West Michigan Whitecaps batting - Pitching for Greenville Drive : RHP Dan Jenkins
|
|
Batting: RHB Joe Zimmerman
|
0-0: Swinging Strike 0-1: Ball 1-1: Swinging Strike 1-2: Ball 2-2: Strikes out looking
|
|
Batting: LHB Steve Herrera
|
0-0: Called Strike 0-1: Ball 1-1: Foul Ball, location: 2F 1-2: Strikes out looking
|
|
Batting: RHB Yaremka Rzhevsky
|
0-0: Called Strike 0-1: Ball 1-1: DOUBLE (Line Drive, 89D, EV 112.5 MPH)
|
|
Batting: SHB Willie Medina
|
0-0: Called Strike 0-1: SINGLE (Groundball, 6M, EV 97.5 MPH) (infield hit) Yaremka Rzhevsky to third
|
|
Batting: RHB Scott Carr
|
0-0: Called Strike Willie Medina steals 2nd base 0-1: Called Strike 0-2: Ground out 5-3 (Groundball, 56, EV 103.1 MPH)
|
| Top of the 2nd over - 0 runs, 2 hits, 0 errors, 2 left on base; West Michigan 1 - Greenville 0 |
| BOTTOM OF THE 2ND |
|
Greenville Drive batting - Pitching for West Michigan Whitecaps : RHP Jared Barger
|
|
Batting: LHB Danny Montoya
|
0-0: Fly out, F9 (Flyball, 9LD, EV 87.5 MPH)
|
|
Batting: SHB Robert Soto
|
0-0: Ball 1-0: Ground out 4-3 (Groundball, 34, EV 90.0 MPH)
|
|
Batting: LHB Kevin Rolison
|
0-0: Ball 1-0: Called Strike 1-1: Swinging Strike 1-2: Foul Ball, location: 2F 1-2: Ball 2-2: Ball 3-2: Foul Ball, location: 2F 3-2: Base on Balls
|
|
Batting: RHB Adugna Chandu
|
0-0: Ball 1-0: Ground out 4-3 (Groundball, 34, EV 88.8 MPH)
|
| Bottom of the 2nd over - 0 runs, 0 hits, 0 errors, 1 left on base; West Michigan 1 - Greenville 0 |
| TOP OF THE 3RD |
|
West Michigan Whitecaps batting - Pitching for Greenville Drive : RHP Dan Jenkins
|
|
Batting: LHB Jamie Christian
|
0-0: Ball 1-0: Called Strike 1-1: SINGLE (Groundball, 4MD, EV 98.8 MPH)
|
|
Batting: LHB Nick Swank
|
0-0: Ball 1-0: Foul Ball, location: 2F 1-1: Swinging Strike 1-2: Foul Ball, location: 2F 1-2: Foul Ball, location: 2F 1-2: Strikes out swinging
|
|
Batting: RHB Jon Goldstein
|
0-0: Ball 1-0: SINGLE (Groundball, 4M, EV 101.2 MPH) (infield hit) Jamie Christian to second
|
|
Batting: RHB German Quiroga
|
0-0: Ball 1-0: Ball 2-0: DOUBLE (Line Drive, 3D, EV 99.4 MPH) Jamie Christian scores Jon Goldstein to third
|
|
Batting: RHB Joe Zimmerman
|
0-0: Ball 1-0: Ball 2-0: Ball 3-0: Called Strike 3-1: Fly out, F8 (Flyball, 89S, EV 89.4 MPH)
|
|
Batting: LHB Steve Herrera
|
0-0: Swinging Strike 0-1: Ball 1-1: Ball 2-1: Ball 3-1: Called Strike 3-2: Strikes out looking
|
| Top of the 3rd over - 1 run, 3 hits, 0 errors, 2 left on base; West Michigan 2 - Greenville 0 |
| BOTTOM OF THE 3RD |
|
Greenville Drive batting - Pitching for West Michigan Whitecaps : RHP Jared Barger
|
|
Batting: LHB John Buff
|
0-0: Ball 1-0: Ball 2-0: Called Strike 2-1: Called Strike 2-2: Ground out 5-3 (Groundball, 5, EV 91.2 MPH)
|
|
Batting: RHB Mike Rosa
|
0-0: Ball 1-0: Foul Ball, location: 2F 1-1: Ball 2-1: Ball 3-1: Called Strike 3-2: Strikes out swinging
|
|
Batting: RHB Jim Hubbard
|
0-0: Foul Ball, location: 2F 0-1: Swinging Strike 0-2: Ball 1-2: Ball 2-2: Ball 3-2: Foul Ball, location: 2F 3-2: Foul Ball, location: 2F 3-2: Foul Ball, location: 2F 3-2: Strikes out swinging
|
| Bottom of the 3rd over - 0 runs, 0 hits, 0 errors, 0 left on base; West Michigan 2 - Greenville 0 |
| TOP OF THE 4TH |
|
West Michigan Whitecaps batting - Pitching for Greenville Drive : RHP Dan Jenkins
|
|
Batting: RHB Yaremka Rzhevsky
|
0-0: Ball 1-0: Ground out 5-3 (Groundball, 56S, EV 70.6 MPH)
|
|
Batting: SHB Willie Medina
|
0-0: Called Strike 0-1: Swinging Strike 0-2: Ball 1-2: Foul Ball, location: 2F 1-2: Foul Ball, location: 2F 1-2: SINGLE (Groundball, 4MS, EV 61.9 MPH) (infield hit)
|
|
Batting: RHB Scott Carr
|
0-0: Ball Willie Medina steals 2nd base 1-0: Ball Wild Pitch! Willie Medina to third 2-0: Ground out 4-3 (Groundball, 34, EV 95.0 MPH) Willie Medina scores
|
|
Batting: LHB Jamie Christian
|
0-0: Foul Ball, location: 2F 0-1: Ball 1-1: Ground out 4-3 (Groundball, 4S, EV 87.5 MPH)
|
| Top of the 4th over - 1 run, 1 hit, 0 errors, 0 left on base; West Michigan 3 - Greenville 0 |
| BOTTOM OF THE 4TH |
|
Greenville Drive batting - Pitching for West Michigan Whitecaps : RHP Jared Barger
|
|
Batting: RHB Tony Nunez
|
0-0: Ball 1-0: Ball 2-0: Fly out, F6 (Popup, P, EV 82.5 MPH)
|
|
Batting: RHB Alex Cardenas
|
0-0: Called Strike 0-1: Ball 1-1: Ball 2-1: Called Strike 2-2: Strikes out looking
|
|
Batting: LHB Danny Montoya
|
0-0: Reached on error, E5 (Groundball, 56, EV 102.5 MPH)
|
|
Batting: SHB Robert Soto
|
0-0: Ball 1-0: Ball 2-0: Foul Ball, location: 2F 2-1: Fly out, F7 (Flyball, 7, EV 83.8 MPH)
|
| Bottom of the 4th over - 0 runs, 0 hits, 1 error, 1 left on base; West Michigan 3 - Greenville 0 |
| TOP OF THE 5TH |
|
West Michigan Whitecaps batting - Pitching for Greenville Drive : RHP Dan Jenkins
|
|
Batting: LHB Nick Swank
|
0-0: Called Strike 0-1: Ball 1-1: Ball 2-1: Foul Ball, location: 2F 2-2: Ball 3-2: Ground out 6-3 (Groundball, 6, EV 77.5 MPH)
|
|
Batting: RHB Jon Goldstein
|
0-0: Called Strike 0-1: Ground out 6-3 (Groundball, 6, EV 80.6 MPH)
|
|
Batting: RHB German Quiroga
|
0-0: Ball 1-0: Foul Ball, location: 2F 1-1: Swinging Strike 1-2: Ball 2-2: Ball 3-2: SINGLE (Groundball, 25, EV 63.8 MPH) (infield hit)
|
|
Pitching: RHP Alan Phillips
|
|
|
Batting: RHB Joe Zimmerman
|
0-0: Ball 1-0: Foul Ball, location: 2F 1-1: Ball 2-1: DOUBLE (Flyball, 89D, EV 110.6 MPH) German Quiroga to third Runner from 3rd tries for Home, throw by CF and OUT! 8-4-2
|
| Top of the 5th over - 0 runs, 2 hits, 0 errors, 1 left on base; West Michigan 3 - Greenville 0 |
| BOTTOM OF THE 5TH |
|
Greenville Drive batting - Pitching for West Michigan Whitecaps : RHP Jared Barger
|
|
Batting: LHB Kevin Rolison
|
0-0: Ball 1-0: Ball 2-0: Ball 3-0: Base on Balls
|
|
Batting: RHB Adugna Chandu
|
0-0: Ball 1-0: Foul Ball, location: 2F 1-1: Ball 2-1: Called Strike 2-2: Ball 3-2: Fielders Choice at 2nd, 3-6 (Groundball, 34, EV 102.5 MPH)
|
|
Batting: LHB John Buff
|
0-0: Called Strike 0-1: Grounds into double play, 4-6-3 (Groundball, 4M, EV 85.0 MPH)
|
| Bottom of the 5th over - 0 runs, 0 hits, 0 errors, 0 left on base; West Michigan 3 - Greenville 0 |
| TOP OF THE 6TH |
|
West Michigan Whitecaps batting - Pitching for Greenville Drive : RHP Alan Phillips
|
|
Batting: LHB Steve Herrera
|
0-0: Ground out 6-3 (Groundball, 6, EV 83.8 MPH)
|
|
Batting: RHB Yaremka Rzhevsky
|
0-0: Swinging Strike 0-1: Ball 1-1: Ground out 5-3 (Groundball, 56, EV 107.5 MPH)
|
|
Batting: SHB Willie Medina
|
0-0: Ball 1-0: SINGLE (Line Drive, 89M, EV 91.9 MPH)
|
|
Batting: RHB Scott Carr
|
0-0: Called Strike Willie Medina steals 2nd base 0-1: Swinging Strike 0-2: Strikes out swinging
|
| Top of the 6th over - 0 runs, 1 hit, 0 errors, 1 left on base; West Michigan 3 - Greenville 0 |
| BOTTOM OF THE 6TH |
|
Greenville Drive batting - Pitching for West Michigan Whitecaps : RHP Jared Barger
|
|
Batting: RHB Mike Rosa
|
0-0: Called Strike 0-1: Ball 1-1: TRIPLE (Line Drive, 78XD, EV 105.6 MPH)
|
|
Batting: RHB Jim Hubbard
|
0-0: Ball 1-0: Called Strike 1-1: Foul Ball, location: 2F 1-2: Ball 2-2: Fly out, F8 (Flyball, 8LM, EV 94.4 MPH) Runner from 3rd tags up, OUT at HOME! 8-2
|
|
Batting: RHB Tony Nunez
|
0-0: Ball 1-0: Ball 2-0: Called Strike 2-1: Swinging Strike 2-2: SINGLE (Groundball, 34, EV 100.6 MPH)
|
|
Batting: RHB Alex Cardenas
|
0-0: Swinging Strike 0-1: Ball 1-1: Called Strike 1-2: SINGLE (Groundball, 56D, EV 96.9 MPH) Tony Nunez to second Runner from 2nd tries for 3rd, SAFE, no throw by LF
|
|
Batting: LHB Danny Montoya
|
0-0: SINGLE (Groundball, 4MD, EV 101.9 MPH) Tony Nunez scores Alex Cardenas to second Runner from 2nd tries for 3rd, OUT after rundown.
|
| Bottom of the 6th over - 1 run, 4 hits, 0 errors, 1 left on base; West Michigan 3 - Greenville 1 |
| TOP OF THE 7TH |
|
West Michigan Whitecaps batting - Pitching for Greenville Drive : RHP Alan Phillips
|
|
Batting: LHB Jamie Christian
|
0-0: Reached on error, E4 (Groundball, 4MD, EV 107.5 MPH)
|
|
Batting: LHB Nick Swank
|
0-0: Called Strike 0-1: Ball 1-1: Ball 2-1: Ground out 4-3 (Groundball, 4, EV 81.9 MPH) Jamie Christian to third
|
|
Batting: RHB Jon Goldstein
|
0-0: Ball 1-0: Called Strike 1-1: Fly out, F9 (Flyball, 9, EV 93.1 MPH) Runner from 3rd tags up, OUT at HOME! 9-2
|
| Top of the 7th over - 0 runs, 0 hits, 1 error, 0 left on base; West Michigan 3 - Greenville 1 |
| BOTTOM OF THE 7TH |
|
Greenville Drive batting - Pitching for West Michigan Whitecaps : RHP Jared Barger
|
|
Batting: SHB Robert Soto
|
0-0: Ball 1-0: Swinging Strike 1-1: Swinging Strike 1-2: Ball 2-2: Ground out U3 (Groundball, 3S, EV 70.0 MPH)
|
|
Batting: LHB Kevin Rolison
|
0-0: Called Strike 0-1: Ball 1-1: Fly out, F9 (Flyball, 9, EV 77.5 MPH)
|
|
Batting: RHB Adugna Chandu
|
0-0: Called Strike 0-1: Ball 1-1: Foul Ball, location: 2F 1-2: Foul Ball, location: 2F 1-2: Ball 2-2: Foul Ball, location: 2F 2-2: SINGLE (Groundball, 6MD, EV 96.9 MPH)
|
|
Pitching: LHP George Moran
|
|
|
Pinch Hitting: RHB Ted Emmerich
|
0-0: Foul Ball, location: 2F 0-1: Ground out 4-3 (Groundball, 34, EV 104.4 MPH)
|
| Bottom of the 7th over - 0 runs, 1 hit, 0 errors, 1 left on base; West Michigan 3 - Greenville 1 |
| TOP OF THE 8TH |
|
West Michigan Whitecaps batting - Pitching for Greenville Drive : RHP Alan Phillips
|
|
Now in CF: Ted Emmerich
|
|
|
Batting: RHB German Quiroga
|
0-0: Ball 1-0: Foul Ball, location: 2F 1-1: Called Strike 1-2: SINGLE (Line Drive, 89S, EV 93.1 MPH)
|
|
Batting: RHB Joe Zimmerman
|
0-0: Foul Ball, location: 2F 0-1: Ball 1-1: Foul Ball, location: 2F 1-2: Ball 2-2: Ball Wild Pitch! German Quiroga to second 3-2: SINGLE (Groundball, 25, EV 63.1 MPH) (infield hit) German Quiroga to third
|
|
Batting: LHB Steve Herrera
|
0-0: Foul Ball, location: 2F 0-1: Ball 1-1: Ball 2-1: Fielders Choice at 2nd, 4-6 (Groundball, 34, EV 86.9 MPH) German Quiroga scores
|
|
Batting: RHB Yaremka Rzhevsky
|
0-0: Called Strike 0-1: Fly out, F7 (Line Drive, 7LD, EV 96.9 MPH)
|
|
Batting: SHB Willie Medina
|
0-0: Ball 1-0: Ball 2-0: Ground out 1-3 (Groundball, 13, EV 73.1 MPH)
|
| Top of the 8th over - 1 run, 2 hits, 0 errors, 1 left on base; West Michigan 4 - Greenville 1 |
| BOTTOM OF THE 8TH |
|
Greenville Drive batting - Pitching for West Michigan Whitecaps : LHP George Moran
|
|
Now in LF: Nick Nino
|
|
|
Batting: RHB Mike Rosa
|
0-0: Called Strike 0-1: Ball 1-1: Foul Ball, location: 2F 1-2: Strikes out swinging
|
|
Batting: RHB Jim Hubbard
|
0-0: Ball 1-0: SINGLE (Groundball, 6MD, EV 101.9 MPH) (infield hit)
|
|
Batting: RHB Tony Nunez
|
0-0: Foul Ball, location: 2F 0-1: Ball 1-1: TRIPLE (Flyball, 78XD, EV 110.6 MPH) Jim Hubbard scores
|
|
Batting: RHB Alex Cardenas
|
0-0: SINGLE (Line Drive, 56D, EV 100.0 MPH) Tony Nunez scores
|
|
Batting: RHB Scott Hawkins
|
0-0: Grounds into double play, 3-6-1 (Groundball, 3, EV 81.2 MPH)
|
| Bottom of the 8th over - 2 runs, 3 hits, 0 errors, 0 left on base; West Michigan 4 - Greenville 3 |
| TOP OF THE 9TH |
|
West Michigan Whitecaps batting - Pitching for Greenville Drive : RHP Alan Phillips
|
|
Pitching: RHP Ross Ratcliffe
|
|
|
Batting: LHB Jon Pedlar
|
0-0: Ball 1-0: Fly out, F6 (Popup, 4MD, EV 57.5 MPH)
|
|
Batting: LHB Jamie Christian
|
0-0: Ball 1-0: Foul Ball, location: 2F 1-1: Foul Ball, location: 2F 1-2: Ball 2-2: Foul Ball, location: 2F 2-2: Ball 3-2: SOLO HOME RUN (Flyball, 9D, EV 95.6 MPH), Distance : 386 ft
|
|
Batting: LHB Nick Swank
|
0-0: Ball 1-0: Ball 2-0: Ball 3-0: Called Strike 3-1: Base on Balls
|
|
Pitching: RHP Jon Olivo
|
|
|
Batting: RHB Jon Goldstein
|
0-0: Ball 1-0: Grounds into double play, 6-4-3 (Groundball, 6, EV 85.0 MPH)
|
| Top of the 9th over - 1 run, 1 hit, 0 errors, 0 left on base; West Michigan 5 - Greenville 3 |
| BOTTOM OF THE 9TH |
|
Greenville Drive batting - Pitching for West Michigan Whitecaps : LHP George Moran
|
|
Pitching: RHP Tony Kepp
|
|
|
Batting: SHB Robert Soto
|
0-0: Called Strike 0-1: Ball 1-1: Swinging Strike 1-2: Foul Ball, location: 2F 1-2: Foul Ball, location: 2F 1-2: Foul Ball, location: 2F 1-2: SINGLE (Line Drive, 89M, EV 105.6 MPH)
|
|
Batting: LHB Kevin Rolison
|
0-0: Called Strike 0-1: Ball 1-1: Foul Ball, location: 2F 1-2: Strikes out swinging
|
|
Pinch Hitting: LHB Eddie Contreras
|
0-0: Swinging Strike 0-1: Ball 1-1: Swinging Strike 1-2: Strikes out swinging
|
|
Batting: RHB Ted Emmerich
|
0-0: Called Strike 0-1: Swinging Strike 0-2: Ball 1-2: Foul Ball, location: 2F 1-2: Strikes out swinging
|
| Bottom of the 9th over - 0 runs, 1 hit, 0 errors, 1 left on base; West Michigan 5 - Greenville 3 |
|